 Dungeon Crawl Stone Soup version 0.30-a0-913-g9934a0ce24 (webtiles) character file.

Game seed: 3362807698461163249

1803 Newt the Basher (level 9, 0/52 HPs)
             Began as a Kobold Hunter on Mar 19, 2023.
             Was a Follower of Makhleb.
             Slain by a killer bee (2 damage)
             ... on level 7 of the Dungeon on Mar 20, 2023.
             The game lasted 00:09:40 (8885 turns).

Newt the Basher (Kobold Hunter)                     Turns: 8885, Time: 00:09:41

Health: 0/52       AC:  6    Str: 11    XL:     9   Next: 30%
Magic:  3/3        EV: 14    Int: 18    God:    Makhleb [*.....]
Gold:   363        SH:  0    Dex: 16    Spells: 8/8 levels left

rFire   . . .      SeeInvis .    m - +5 whip of Ancient Evil {antimagic, Drain rN++ Int+8 Dex-4}
rCold   . . .      Faith    .    (no shield)
rNeg    + + .      Spirit   .    c - +0 leather armour
rPois   .          Reflect  .    (no helmet)
rElec   .          Rampage  .    p - +1 cloak
rCorr   .                        (no gloves)
Will    .....                    o - +0 pair of boots
Stlth   +++                      n - amulet of the acrobat
HPRegen 0.28/turn                (no ring)
MPRegen 0.08/turn                (no ring)

@: no status effects
A: small, no large weapons, nightstalker 3
a: Renounce Religion


You were on level 7 of the Dungeon.
You worshipped Makhleb.
Makhleb was aware of your devotion.
You visited 2 branches of the dungeon, and saw 8 of its levels.

You collected 363 gold pieces.

Inventory:

Hand Weapons
 a - a +0 shortbow
 m - the +5 whip of Ancient Evil (weapon) {antimagic, Drain rN++ Int+8 Dex-4}
   (You found it on level 2 of the Dungeon)

   Int:       It affects your intelligence (+8).
   Dex:       It affects your dexterity (-4).
   rN:        It greatly protects you from negative energy.
   Drain:     It drains your maximum health when unequipped.
Armour
 c - a +0 leather armour (worn)
 o - a +0 pair of boots (worn)
 p - a +1 cloak (worn)
 s - a +0 cloak
 v - an orb of guile
Jewellery
 n - an amulet of the acrobat (around neck)
Wands
 r - a wand of polymorph (11)
 u - a wand of digging (4)
Scrolls
 b - 2 scrolls of immolation
 f - 5 scrolls of noise
 h - 2 scrolls of teleportation
 j - 2 scrolls of butterflies
 x - a scroll of vulnerability
Potions
 e - a potion of curing
 g - a potion of degeneration
 k - 2 potions of might {unknown}
 l - 2 potions of lignification {unknown}
 t - 2 potions of mutation {unknown}
 w - a potion of attraction {unknown}


   Skills:
 - Level 4.0 Fighting
 + Level 9.9 Maces & Flails
 - Level 5.9 Ranged Weapons
 - Level 2.4 Dodging
 - Level 1.3 Stealth


You had 8 spell levels left.
You didn't know any spells.
Your spell library contained the following spells:

 Spells                   Type           Power      Damage    Failure   Level
 Blink                    Tloc           0%         N/A       41%         2
 Static Discharge         Conj/Air       0%         2-2/arc   41%         2
 Ignite Poison            Fire/Tmut/Pois 0%         N/A       65%         3
 Inner Flame              Hex/Fire       0%         N/A       65%         3
 Kindle Blastsparks       Fire/Tloc/Air  0%         2d10      65%         3
 Vhi's Electric Charge    Tloc/Air       0%         N/A       65%         3
 Cause Fear               Hex            0%         N/A       96%         4
 Manifold Assault         Tloc           0%         N/A       96%         4
 Arcjolt                  Conj/Air       0%         1d10      100%        5
 Freezing Cloud           Conj/Ice/Air   0%         6-21      100%        5
 Plasma Beam              Fire/Air       0%         2x1d11    100%        5
 Storm Form               Tmut/Air       0%         N/A       100%        7
 Discord                  Hex            0%         N/A       100%        8


Dungeon Overview and Level Annotations

Branches:
Dungeon (7/15)             Temple (1/1) D:5

Altars:
Ashenzari
Cheibriados
Dithmenos
Fedhas
Hepliaklqana
Kikubaaqudgha
Makhleb
Okawaru
Ru
Trog
Uskayaw
Vehumet
Xom
Yredelemnul
The Shining One

Shops:
D:3 (


Innate Abilities, Weirdness & Mutations

You are small and have problems with some larger weapons.
You are completely attuned to the shadows.


Message History

You barely miss the killer bee.
The killer bee is almost dead.
* * * LOW HITPOINT WARNING * * *
You feel sick. The killer bee stings you.
* * * LOW HITPOINT WARNING * * *
The killer bee barely misses you.
It was a potion of curing.
You feel better. The killer bee stings you.
* * * LOW HITPOINT WARNING * * *
The killer bee closely misses you.
You hit the killer bee but do no damage.
The killer bee is almost dead.
The killer bee stings you.
* * * LOW HITPOINT WARNING * * *
You are lethally poisoned!
The killer bee poisons you!
You feel better.
The killer bee stings you but does no damage.
The killer bee completely misses you.
You closely miss the killer bee. Your punch misses the killer bee.
The killer bee is severely wounded.
The killer bee completely misses you.
You miss the killer bee.
The killer bee is severely wounded.
The killer bee completely misses you.
You completely miss the killer bee.
The killer bee is severely wounded.
The killer bee stings you but does no damage.
The centaur shouts!
You hit the killer bee but do no damage.
The killer bee is severely wounded.
The killer bee stings you.
* * * LOW HITPOINT WARNING * * *
The centaur wields a +0 shortbow.
The centaur shoots an arrow.
The arrow barely misses you. The killer bee closely misses you.
You closely miss the killer bee.
The killer bee is severely wounded.
The centaur shoots an arrow.
The arrow hits you.
* * * LOW HITPOINT WARNING * * *
The killer bee stings you.
You die...

########## #.
#........# #...
##.######.# #...###
#...# #.#
.....)########...# #.#
#....))y@....#...# #.#
K....####.....#.## #.#
##.#.#....###...#
####.## ..
.......c..............
.
.#.####.###############
#.#.# #.# #.# #.# #.#


You could see a centaur and a killer bee.

Vanquished Creatures
  An orc warrior (D:6)
  3 ogres
  A centaur (D:7)
  A kobold brigand (D:7)
  2 necrophages (D:5)
  A scorpion (D:6)
  A water moccasin zombie (D:5)
  3 wights (D:5)
  4 killer bees (D:7)
  A howler monkey (D:4)
  A bullfrog zombie (D:5)
  A human zombie (D:5)
  2 hounds
  Crazy Yiuf (D:3)
  An orc priest (D:7)
  A sleepcap (D:6)
  2 iguanas
  5 orc wizards
  2 scorpion zombies (D:5)
  A hound zombie (D:5)
  A mummy (D:5)
  6 gnolls
  7 adders
  2 shadow imps (D:6)
  A white imp (D:6)
  3 worms (D:2)
  A dart slug (D:1)
  12 orcs
  9 ball pythons
  4 endoplasms
  3 giant cockroaches
  5 goblins
  9 hobgoblins
  4 jackals
  4 quokkas
  3 bats
  2 frilled lizards
  12 kobolds
  5 rats
128 creatures vanquished.

Vanquished Creatures (others)
  7 plants
7 creatures vanquished.

Grand Total: 135 creatures vanquished

Notes
Turn   | Place    | Note
-------+----------+-------------------------------------------
     0 | D:1      | Newt the Kobold Hunter began the quest for the Orb.
     0 | D:1      | Reached XP level 1. HP: 12/12 MP: 1/1
   113 | D:1      | Reached XP level 2. HP: 18/18 MP: 2/2
   623 | D:1      | Reached XP level 3. HP: 23/23 MP: 3/3
  1181 | D:2      | Identified the +5 whip of Ancient Evil {antimagic, Drain
                  | rN++ Int+8 Dex-4}
  1217 | D:2      | Reached XP level 4. HP: 26/29 MP: 4/4
  2317 | D:3      | Reached skill level 1 in Maces & Flails
  2330 | D:3      | Found a faded altar of an unknown god.
  2550 | D:3      | Found a runed translucent door.
  2553 | D:3      | Noticed Crazy Yiuf
  2559 | D:3      | Killed Crazy Yiuf
  2560 | D:3      | Reached skill level 2 in Maces & Flails
  2560 | D:3      | Reached XP level 5. HP: 33/33 MP: 1/5
  2683 | D:3      | Found a broken altar of Ashenzari.
  2892 | D:3      | Found Qixtiusk's Weapon Emporium.
  2969 | D:3      | Found an ornate altar of the Wu Jian Council.
  2969 | D:3      | Found a radiant altar of Vehumet.
  2969 | D:3      | Found a shimmering altar of Xom.
  2973 | D:3      | Found an ancient bone altar of Kikubaaqudgha.
  2973 | D:3      | Found a basalt altar of Yredelemnul.
  2974 | D:3      | Found a hide-covered altar of Uskayaw.
  3359 | D:4      | Found a basalt altar of Yredelemnul.
  3780 | D:4      | Reached skill level 3 in Maces & Flails
  3784 | D:4      | Reached XP level 6. HP: 38/38 MP: 2/6
  3931 | D:4      | Found a radiant altar of Vehumet.
  3982 | D:4      | Reached skill level 4 in Maces & Flails
  4244 | D:4      | Found a burning altar of Makhleb.
  4421 | D:4      | Became a worshipper of Makhleb the Destroyer
  4435 | D:5      | Entered Level 5 of the Dungeon
  4586 | D:5      | Found a staircase to the Ecumenical Temple.
  4745 | Temple   | Entered the Ecumenical Temple
  4787 | D:5      | Found a bloodstained altar of Trog.
  4792 | D:5      | Found a blossoming altar of Fedhas.
  4796 | D:5      | Found an iron altar of Okawaru.
  4871 | D:5      | Noticed an ogre
  4896 | D:5      | Killed an ogre
  4897 | D:5      | Reached skill level 5 in Maces & Flails
  4897 | D:5      | Reached XP level 7. HP: 22/43 MP: 2/7
  5786 | D:5      | Found an ancient bone altar of Kikubaaqudgha.
  5824 | D:5      | Reached skill level 6 in Maces & Flails
  6465 | D:5      | Reached XP level 8. HP: 41/48 MP: 2/8
  6603 | D:5      | Reached skill level 7 in Maces & Flails
  7120 | D:6      | Found a snail-covered altar of Cheibriados.
  7149 | D:6      | Reached skill level 8 in Maces & Flails
  7796 | D:6      | Reached XP level 9. HP: 36/52 MP: 3/9
  8054 | D:6      | Found a glowing golden altar of the Shining One.
  8209 | D:7      | Found a hide-covered altar of Uskayaw.
  8209 | D:7      | Found a sacrificial altar of Ru.
  8244 | D:7      | Reached skill level 9 in Maces & Flails
  8250 | D:7      | Reached * piety under Makhleb
  8872 | D:7      | HP: 1/52 [killer bee (8)]
  8885 | D:7      | HP: 2/52 [centaur/arrow (6)]
  8885 | D:7      | Slain by a killer bee

Illustrated notes

Levels and vault maps discovered:
D:1:      roderic_chinese_lattice_arrival, layout_basic, moated_statue
D:2:      layout_basic, serial_bayou, serial_bayou_pond_b,
          serial_bayou_lagoon_a, serial_bayou_lake_a, serial_bayou_shore_b
D:3:      layout_basic, nicolae_ashenzari_panopticon, doesnt_xom_only_xom,
          shapermc_ecumenical_altar_notcrosses, serial_shops, shop,
          minmay_misc_feat_tower, uniq_crazy_yiuf_cottage
D:4:      cheibrodos_old_hovel, layout_loops_ring, nicolae_vehumet_altar_sigil,
          mainiacjoe_overflow_surrounded_room, marbit_many_paths
D:5:      layout_loops_ring, lemuel_mausoleum_altar_kikubaaqudgha,
          grunt_temple_overflow_diamond, minmay_temple_entry_poolview,
          st_stairs_3
D:6:      layout_loops_ring, mainiacjoe_overflow_concentric_impassable,
          nicolae_overflow_crystal_walls, nicolae_concentric_dashed_squares_mild
D:7:      minmay_klotski, layout_basic, grunt_temple_overflow_open,
          serial_shops, shop, uniq_joseph, uniq_prince_ribbit1
Temple:   nicolae_temple_ecumenical_triangle

Skill      XL: |  1  2  3  4  5  6  7  8  9 |
---------------+----------------------------+-----
Fighting       | 3 4 |  4.0
Maces & Flails | 2 3 5 6 8 9 |  9.9
Ranged Weapons | |  5.9
Dodging        | |  2.4
Stealth        | |  1.3

Action                     |  1- 3 |  4- 6 |  7- 9 || total
---------------------------+-------+-------+-------++-------
  Melee: Whip              |       |   156 |   381 ||   537
         Punch             |       |     4 |     5 ||     9
   Fire: Shortbow          |    78 |     6 |       ||    84
  Evoke: Wand              |       |       |     6 ||     6
    Use: Scroll            |     2 |     6 |     6 ||    14
         Potion            |       |       |     8 ||     8
   Stab: Sleeping          |       |    11 |     9 ||    20
         Distracted        |       |     1 |       ||     1
         Fleeing           |       |     1 |       ||     1
 Armour: Leather armour    |     4 |    38 |    58 ||   100
  Dodge: Dodged            |    24 |   100 |   175 ||   299

Table legend: (Time is in decaauts)
 A = Elapsed time spent in this place.
 B = Non-inter-level travel time spent in this place.
 C = Inter-level travel time spent in this place.
 D = Time resting spent in this place.
 E = Time spent auto-exploring this place.
 F = Levels seen in this place.
 G = Mean time per level.
                   A        B        C        D        E       F      G
               +--------+--------+--------+--------+--------+-----+--------+
         Total |   8851 |   8577 |    274 |   2202 |   5374 |   8 | 1106.4 |
       Dungeon |   8850 |   8578 |    272 |   2202 |   5374 |   7 | 1264.3 |
        Temple |      1 |      0 |      1 |      0 |      0 |   1 |    1.0 |
               +--------+--------+--------+--------+--------+-----+--------+

Top non-repeatable levels by time:
     D:5: 2429 daAuts
     D:2: 1358 daAuts
     D:6: 1211 daAuts
     D:4: 1155 daAuts
     D:3: 1152 daAuts
     D:1: 852 daAuts
     D:7: 690 daAuts
  Temple: 1 daAuts
